woodfighter, chaotic female human Barbarian ------ -------.--.-- -- --- ---.--.|......| --- ------- |. |..--.............----.--..|...| |......<......-.......--..........| --..............---.............- |. --.|........---.........-.- - ----.|..[................| -----....----.......---- ---- |...%..............--- --..| |..).................---.@.--- |-.....)...............%.....| |...................--..--..*- ..........--..--.........------|....| -.............|------......--- -....| ---- --..---..- -.....-- ....-- ... ... ......... ....-- ---- --... ----....--- ----.| |... --...| --- ---. ----- -- woodfighter the Bandit Experience level: 8 Strength: 18/01 Dexterity: 18 Constitution: 18 Intelligence: 8 Wisdom: 7 Charisma: 6 Health: 62(86) Energy: 22(22) Def: 12 Gold: 6 Moves: 4128 Dungeon seed: EZm5u9mp5M32VU38 Game ID: woodfighter_1446564721 Your Inventory: Coins $ - 6 gold pieces Weapons a - a corroded +0 axe (weapon in hand) l - a blessed +0 long sword (alternate weapon; not wielded) p - 10 +0 daggers (in quiver) Armor n - an uncursed +0 dwarvish cloak r - a blessed +0 pair of gauntlets of dexterity (being worn) y - an uncursed +0 dwarvish cloak B - an uncursed +0 dwarvish mithril-coat (being worn) I - an uncursed +0 pair of iron shoes (being worn) L - a blessed +1 dwarvish iron helm (being worn) O - an uncursed +0 dwarvish cloak V - an uncursed +0 dwarvish cloak (being worn) Comestibles e - 2 uncursed food rations m - an uncursed partly eaten food ration q - an uncursed clove of garlic u - 3 uncursed tripe rations M - 3 uncursed pizzas S - an uncursed tin of hobbit meat Scrolls C - an uncursed scroll of teleportation G - a blessed scroll of enchant armor Potions z - an uncursed potion of extra healing J - an uncursed potion of levitation P - an uncursed potion of booze Rings k - an uncursed ring of slow digestion Wands D - a wand of speed monster (0:2) F - a wand of digging (0:6) Tools c - an uncursed lock pick h - an uncursed magic whistle s - an uncursed sack t - an uncursed towel E - an uncursed tallow candle (0:200) Q - an uncursed magic lamp Gems H - an uncursed worthless piece of yellowish brown glass N - an uncursed worthless piece of white glass Y - an uncursed worthless piece of blue glass Contents of the sack: a +0 pick-axe Spells and supernatural/magical abilities: Name Level Category Fail Memory W - pray for help -- divine ? -- Your skills at the end: Miscellaneous Skills bare handed combat [Basic] Weapon Skills axe [Skilled] two-handed sword [Basic] Spellcasting Skills Final Attributes: You were piously aligned. You were fire resistant. You were poison resistant. You were telepathic. You were fast. You survived. Vanquished creatures: a gnome king an owlbear a baby crocodile a wood nymph a rock piercer 2 ponies a yellow light 14 gnome lords 3 gnomish wizards a kobold mummy a straw golem 2 giant ants a floating eye a kitten 12 dwarves a kobold shaman an iguana 11 killer bees 4 hobbits 5 large kobolds a gecko a cave spider a yellow mold a green mold a red mold 40 gnomes 9 garter snakes 3 gnome zombies a fox a kobold 5 newts a goblin 4 sewer rats a grid bug 3 bats 2 kobold zombies 140 creatures vanquished. Voluntary challenges: You had been an atheist until turn 2642. You used a wielded weapon 207 times, starting on turn 17. You did not apply a unicorn horn. You read items or engraved 2 times, starting on turn 3350. You never genocided any monsters. You never polymorphed an object. You never changed form. You used no wishes. You never split a pudding. You never wrote Elbereth's name. You never violated your personal moral code. Dungeon overview: The Dungeons of Doom: levels 1 to 5 Level 1 some fountains a long staircase Level 2 some fountains, a sink stairs to The Gnomish Mines Level 3 (vault) an armor shop Level 4 a fountain Level 5 The Gnomish Mines: levels 3 to 9 Level 3 stairs to The Dungeons of Doom Level 4 Level 5 Level 6 many shops, a temple to Set, a magic chest, some fountains, some trees Level 7 Level 8 <- You were here Level 9 History has recorded: On T:1 you entered the Dungeons of Doom to retrieve the Amulet of Yendor! On T:121 you reached level 2 of The Dungeons of Doom. On T:449 you reached level 3 of The Dungeons of Doom. On T:491 you reached level 1 of The Gnomish Mines. On T:597 you advanced to experience level 2. On T:670 you reached level 4 of The Dungeons of Doom. On T:1098 you advanced to experience level 3. On T:1359 you reached level 5 of The Dungeons of Doom. On T:1493 you advanced to experience level 4. On T:1521 you advanced to experience level 5. On T:1682 you reached level 2 of The Gnomish Mines. On T:2099 you reached level 3 of The Gnomish Mines. On T:2139 you advanced to experience level 6. On T:2509 you reached level 4 of The Gnomish Mines. On T:2634 you entered the Minetown temple On T:2664 you opened a magic chest. On T:2939 you opened a magic chest. On T:2940 you opened a magic chest. On T:2945 you opened a magic chest. On T:2951 you opened a magic chest. On T:3012 you advanced to experience level 7. On T:3297 you reached level 5 of The Gnomish Mines. On T:3350 you opened a magic chest. On T:3353 you opened a magic chest. On T:3545 you reached level 6 of The Gnomish Mines. On T:4099 you advanced to experience level 8. On T:4126 you reached level 7 of The Gnomish Mines. Score breakdown: Gold: 6 ( 0 points) Experience: 8 levels ( 700 points) Exploration: 9 levels ( 240 points) Discoveries: 7 items ( 350 points) Variety of kills: 36 monsters ( 1800 points) Major goal: reached Minetown ( 500 points) Survival: quit (score multiplied by 3) Total score: 10770 Latest messages: The white unicorn just misses! The white unicorn misses. The white unicorn kicks! The gnome king swings his aklys. The gnome king hits you! The gnome king swings his aklys. The gnome king hits you! You can move again. You put an uncursed green gem into the magic chest. You drop an uncursed +0 dwarvish iron helm. You sold an uncursed +0 dwarvish iron helm for 10 gold pieces. You drop a cursed dwarvish cloak. You sold a cursed dwarvish cloak for 25 gold pieces. You drop an uncursed light blue spellbook. You sold an uncursed light blue spellbook for 50 gold pieces. You drop 11 uncursed candles. You sold 11 uncursed candles for 55 gold pieces. You drop a blessed candle. You sold a blessed candle for 5 gold pieces. You drop an uncursed candle. You sold an uncursed candle for 10 gold pieces. Final status: Goodbye woodfighter the Barbarian, quit... You quit in The Gnomish Mines on dungeon level 8 with 10770 points, and 6 pieces of gold, after 4128 moves. You were level 8 with a maximum of 86 hit points when you quit.